[Event "Early-Titled-Tuesday-Blitz-March-12-2024"]
[Site "Chess.com"]
[Date "2024.03.12"]
[Round "5"]
[White "Actuary44"]
[Black "scrambleyourbrain"]
[Result "0-1"]
[WhiteElo "2516"]
[BlackElo "2391"]
[TimeControl "180+1"]
[EndTime "8:56:26 PDT"]
[Termination "scrambleyourbrain won by checkmate"]

1. e4 e5 2. d4 exd4 3. c3 dxc3 4. Bc4 d6 5. Qb3 Qe7 6. Nxc3 Nc6 7. Nge2 Nf6 8. Bg5 Ne5 9. Nd5 Qd8 10. O-O Be7 11. Nxe7 Qxe7 12. Nc3 c6 13. Be2 h6 14. Bh4 Ng6 15.
Bg3 O-O 16. f3 Rd8 17. Rad1 Be6 18. Qc2 d5 19. e5 Nd7 20. f4 Qc5+ 21. Bf2 Qe7 22.
f5 Ngxe5 23. fxe6 Qxe6 24. Rde1 f6 25. Bd3 Qg4 26. Bf5 Nf3+ 27. Kh1 Nxe1 28. Rxe1 Qf4 29. Bg3 Qg5 30. Re7 Nf8 31. Rxb7 d4 32. Ne2 Qe3 33. Qd3 Re8 34. Ng1 Qxd3 35. Bxd3 Re3 36. Bc4+ Kh8 37. Bf2 Re4 38. Bd3 Rf4 39. Bg3 Rg4 40. Bf5 Rg5 41. Bd3 Rc5 42. h4 a5 43. Nh3 Re8 44. Nf4 Re3 45. Kh2 g5 46. Rb8 gxf4 47. Bxf4 Kg7 48. Bxe3 dxe3 49. Re8 Re5 50. Rxe5 fxe5 51. Kg3 Ne6 52.
Kf3 Nc5 53. Be4 Nxe4 54. Kxe3 Nd6 55. Kd3 Kf6 56. Ke3 Kf5 57. Kf3 h5 58. Ke3 Kg4 59. b4 axb4 60. Kd3 c5 61. a4 bxa3 62. Kc3 e4 63.
Kb3 e3 64. Ka2 e2 65. Kxa3 e1=Q 66. Kb2 Qb4+ 67. Kc2 Nc4 68. Kd3 Qb3+ 69. Ke2 Qe3+ 70. Kf1 Nd2# 0-1

[Event "Early-Titled-Tuesday-Blitz-March-12-2024"]
[Site "Chess.com"]
[Date "2024.03.12"]
[Round "5"]
[White "Fighterman91"]
[Black "Dyadya81"]
[Result "0-1"]
[WhiteElo "2770"]
[BlackElo "2917"]
[TimeControl "180+1"]
[EndTime "8:56:27 PDT"]
[Termination "Dyadya81 won on time"]

1. d4 d5 2. Nf3 Nc6 3. c3 Bf5 4. Qb3 Rb8 5. Bf4 e6 6. Nbd2 Bd6 7. e3 Nf6 8. Be2 O-O 9. O-O Ne7 10. Ne5 b6 11. Qa4 a5 12. c4 c5 13. Bg3 cxd4 14. exd4 dxc4 15. Bxc4 Bxe5 16. Bxe5 Rc8 17. Ba6 Ra8 18. Bb7 Ra7 19. Bf3 Nfd5 20. Rac1 f6 21. Bg3 Qd7 22. Qxd7 Rxd7 23. Rfe1 g5 24. a3 Kg7 25. h3 Rfd8 26. Nc4 Kg6 27. Bh2 Rc8 28. Nd6 Rcd8 29. g4 Rxd6 30. gxf5+ Nxf5 31. Bxd6 Rxd6 32. Bxd5 Rxd5 33. Rxe6 Nxd4 34. Re3 Nf5 35. Re2 a4 36. Kf1 b5 37. Ke1 Nh4 38. Rc3 h5 39. Rd2 Re5+ 40.
Kf1 g4 41. hxg4 hxg4 42. Re3 Rg5 43. Re8 Kf7 44. Rh8 Nf3 45. Rd7+ Ke6 46. Rd1 Rc5 47. Re8+ Kf5 48. Re2 Kf4 49. Kg2 Rh5 50.
Rh1 Rc5 51. Rd1 f5 52. Rh1 Rd5 53. Rc1 Nh4+ 54. Kf1 Nf3 55. Kg2 Ne5 56. Rb1 Rd3 57. Rbe1 Nf3 58. Rc1 Nh4+ 59. Kh2 Rh3+ 60. Kg1 Nf3+ 61.
Kg2 Rh2+ 62. Kf1 Rh1+ 63. Kg2 Rxc1 0-1

[Event "Early-Titled-Tuesday-Blitz-March-12-2024"]
[Site "Chess.com"]
[Date "2024.03.12"]
[Round "5"]
[White "NikitaShnadrygin"]
[Black "theoneandonlydaaevik"]
[Result "1/2-1/2"]
[WhiteElo "2677"]
[BlackElo "2510"]
[TimeControl "180+1"]
[EndTime "8:56:27 PDT"]
[Termination "Game drawn - insufficient material"]

1. e4 c6 2. d4 d5 3. f3 dxe4 4. fxe4 e5 5. Nf3 Bg4 6. Bc4 Nd7 7. c3 Bd6 8. Qb3 Qe7 9. Qxb7 Rb8 10. Qxc6 Bxf3 11.
gxf3 Nf6 12. O-O O-O 13. Bb3 Rfc8 14. Qa6 exd4 15. cxd4 Nxe4 16. fxe4 Rxc1 17. Nc3 Qg5+ 18. Kh1 Qf4 19. Qe2 Rxa1 20. Rxa1 Qh4 21. Rf1 Rf8 22. e5 Be7 23. Rxf7 Rxf7 24. Bxf7+ Kxf7 25. e6+ Ke8 26. exd7+ Kxd7 27. Qe4 Qh3 28. Qd5+ Ke8 29. Qg8+ Bf8 30. Qc4 Qf3+ 31. Kg1 Qe3+ 32. Kf1 Bd6 33. Qe2 Qxe2+ 34. Kxe2 Bxh2 35. Kf3 Kf7 36. Nb5 a6 37. Na3 Bc7 38. Nc4 h5 39. d5 Ke7 40. b4 g5 41. a4 g4+ 42. Kg2 h4 43. b5 h3+ 44. Kg1 axb5 45.
axb5 g3 46. b6 Bb8 47. Na5 Kd6 48. Nc6 Kxd5 49. Nxb8 Kc5 50. b7 Kb6 51. Nd7+ Kxb7 52. Ne5 Kc7 53. Nd3 Kd6 54. Nf4 Ke5 55. Nxh3 Ke4 56.
Kg2 Ke5 57. Ng1 Kd5 58. Ne2 Kc4 59. Nxg3 1/2-1/2

[Event "Early-Titled-Tuesday-Blitz-March-12-2024"]
[Site "Chess.com"]
[Date "2024.03.12"]
[Round "5"]
[White "Kirill_Klukin"]
[Black "mishanick"]
[Result "0-1"]
[WhiteElo "2818"]
[BlackElo "3096"]
[TimeControl "180+1"]
[EndTime "8:56:28 PDT"]
[Termination "mishanick won by resignation"]

1. Nf3 d5 2. e3 Nf6 3. c4 e6 4. b3 Be7 5. Bb2 O-O 6. Nc3 b6 7. cxd5 exd5 8. d4 Nbd7 9. g3 Bb7 10. Bg2 a6 11. O-O Bd6 12. Re1 Re8 13. Nd2 Nf8 14.
e4 dxe4 15. Ndxe4 Nxe4 16. Nxe4 Bb4 17. Re3 Bd5 18. Nf6+ Qxf6 19. Bxd5 Rxe3 20. fxe3 Re8 21. Qd3 Qd6 22. Qf5 Ne6 23. Rf1 Re7 24. Be4 g6 25.
Qf6 Nd8 26. Qf3 Qe6 27. d5 Qd6 28. Bf6 Re8 29. Bxd8 Qxd8 30. Qxf7+ Kh8 31. Bxg6 hxg6 32. Qxg6 Qe7 33. Rf4 Qxe3+ 34. Kg2 Qxf4 35. Qxe8+ Qf8 36. Qh5+ Kg7 37. Qg5+ Kf7 38. Qf5+ Ke7 39. Qe6+ Kd8 40. h4 Bd6 41. Qg6 Qe8 42. Qg4 Qe5 43. Qf3 Ke7 44.
h5 Qf6 45. Qg4 Be5 46. Kh3 Kd6 47. Qe4 a5 48. Kg4 Qg7+ 49. Kf3 Qxg3+ 50. Ke2 Qh2+ 51. Kd3 Qxh5 52. Kc4 Qg5 53. Kb5 Qf4 54. Qg6+ Qf6 55. Qe8 Kxd5 56. Ka6 Qd6 57. Qf7+ Ke4 58. Qc4+ Bd4 59.
Qe2+ Be3 60. Qg2+ Kd3 61. Qf1+ Kd2 62. Qg2+ Kc3 63. Qe4 Qd3+ 0-1

[Event "Early-Titled-Tuesday-Blitz-March-12-2024"]
[Site "Chess.com"]
[Date "2024.03.12"]
[Round "5"]
[White "bolwin"]
[Black "Flaccidmoves"]
[Result "1-0"]
[WhiteElo "2258"]
[BlackElo "2435"]
[TimeControl "180+1"]
[EndTime "8:56:32 PDT"]
[Termination "bolwin won by checkmate"]

1. Nf3 Nf6 2. c4 g6 3. Nc3 Bg7 4. e4 O-O 5. d4 d6 6. Be2 e5 7. O-O Nc6 8. d5 Ne7 9. b4 a5 10. Ba3 axb4 11. Bxb4 Nd7 12. Nd2 f5 13. a4 Nc5 14. Bxc5 dxc5 15. Nb3 b6 16. a5 fxe4 17.
axb6 Rxa1 18. Qxa1 cxb6 19. Nxe4 Nf5 20. Bg4 h5 21. Bh3 Qh4 22. Nbd2 g5 23. Bxf5 Bxf5 24. g3 Qh3 25. Nxg5 Qg4 26. Ne6 e4 27. Qxg7+ Qxg7 28. Nxg7 Kxg7 29. Re1 Re8 30. Nf1 Ra8 31. Ne3 Bd7 32.
Rb1 Ra6 33. f3 exf3 34. Kf2 Bg4 35. Rb2 Kf6 36. h3 Bxh3 37. Kxf3 Bf5 38. Kf4 Bd3 39. Rb3 Bxc4 40. Nxc4 Ra4 41. Rxb6+ Ke7 42. d6+ Kd7 43. Ke5 Rxc4 44. Rb7+ Kd8 45. Rh7 Rg4 46. Ke6 Rg6+ 47. Kd5 Rg5+ 48. Kc6 Rg8 49. Ra7 Ke8 50. Ra8+ Kf7 51.
Rxg8 Kxg8 52. d7 Kg7 53. d8=Q Kg6 54. Qb6 Kg5 55. Qxc5+ Kg4 56. Qd4+ Kxg3 57. Qg1+ Kh3 58. Qh1+ Kg4 59. Kd5 h4 60. Ke4 Kg3 61. Ke3 h3 62. Ke4 h2 63. Kf5 Kh3 64. Kg5 Kg3 65. Kh5 Kh3 66. Qf3# 1-0

[Event "Early-Titled-Tuesday-Blitz-March-12-2024"]
[Site "Chess.com"]
[Date "2024.03.12"]
[Round "5"]
[White "omeganebulapegasus"]
[Black "suspiciumchess"]
[Result "1-0"]
[WhiteElo "2806"]
[BlackElo "2402"]
[TimeControl "180+1"]
[EndTime "8:56:33 PDT"]
[Termination "omeganebulapegasus won by checkmate"]

1. e4 g6 2. d4 Bg7 3. Nf3 d6 4. h3 Nf6 5. Bd3 O-O 6. O-O Nbd7 7. c3 c5 8. Re1 Rb8 9. Na3 a6 10. e5 Ne8 11. e6 fxe6 12. Ng5 Nc7 13. Nxh7 Kxh7 14. Qh5+ Kg8 15. Bxg6 Nf6 16. Qh4 Bd7 17. dxc5 Be8 18. Bc2 e5 19. Bg5 Ne6 20. Bb3 d5 21. Rxe5 Nxg5 22. Rxg5 e6 23. Re1 Qe7 24. Qh6 Bd7 25.
Re3 Ne4 26. Rg6 Rf6 27. Bc2 Rbf8 28. Bxe4 dxe4 29. Nc4 Rxg6 30. Qxg6 Qxc5 31. Qxe4 b5 32. Ne5 Bxe5 33. Qxe5 Qxe5 34. Rxe5 Kf7 35. f3 Bc6 36. Kf2 Bd5 37. b3 Kf6 38. Re3 a5 39. Re2 a4 40.
bxa4 bxa4 41. Ke3 Rb8 42. Kd4 a3 43. c4 Rb4 44. Re3 Rxc4+ 45. Kd3 Rb4 46. Re2 Rb2 47. Rxb2 axb2 48. Kc2 Ke5 49. Kxb2 Kf4 50. a4 Kg3 51. a5 Kxg2 52. h4 Kxf3 53. h5 e5 54. h6 Be4 55.
a6 Bf5 56. a7 e4 57. a8=Q Kf4 58. Qf8 Kg5 59. Qxf5+ Kxf5 60. h7 Ke5 61. h8=Q+ Kf4 62. Kc3 e3 63. Qd4+ Kf3 64. Kd3 e2 65. Qe3+ Kg4 66.
Qxe2+ Kf4 67. Qf2+ Kg4 68. Ke4 Kh3 69. Qg1 Kh4 70.
Kf4 Kh5 71. Qg5# 1-0

[Event "Early-Titled-Tuesday-Blitz-March-12-2024"]
[Site "Chess.com"]
[Date "2024.03.12"]
[Round "5"]
[White "Resignify"]
[Black "Gryffindorac8"]
[Result "0-1"]
[WhiteElo "2247"]
[BlackElo "2388"]
[TimeControl "180+1"]
[EndTime "8:56:35 PDT"]
[Termination "Gryffindorac8 won by checkmate"]

1. e4 c5 2. Nc3 d6 3. g3 g6 4. d3 Bg7 5. Bg2 Nc6 6. f4 e6 7. Nf3 Nge7 8. O-O O-O 9. Be3 Nd4 10. e5 Nef5 11. Bf2 Nxf3+ 12. Qxf3 Nd4 13. Qd1 dxe5 14.
fxe5 Bxe5 15. Ne4 Bd7 16. c3 Nf5 17. Nxc5 Bc6 18. Ne4 Bg7 19. Rb1 Qc7 20. g4 Nd6 21. Bg3 Qb6+ 22. Bf2 Qd8 23. Bc5 Bxe4 24. dxe4 Be5 25.
Bf2 Qc7 26. Qf3 Rad8 27. h3 Nc4 28. Be1 Nd2 29. Bxd2 Rxd2 30. Kh1 Rfd8 31. Rbd1 R8d3 32. Rxd2 Rxd2 33. Rf2 Rd7 34. Rf1 Qc4 35. a3 Qd3 36.
Qxd3 Rxd3 37. Rf2 Rd1+ 38. Bf1 Bg3 39. Rf3 Be1 40. Kg2 Rd2+ 41. Kg1 Rxb2 42. Rd3 Bd2 43. a4 Rc2 44. c4 Bc3 45. Rd8+ Kg7 46. Rd7 Rc1 47.
Kg2 Ba5 48. Kf3 b6 49. Rxa7 Rc3+ 50. Ke2 Bb4 51. Kf2 Bc5+ 52. Kg2 Ra3 53. Rc7 Kf6 54. Ra7 g5 55. h4 gxh4 56. Be2 h3+ 57. Kh2 Bd6+ 58.
Kh1 h2 59. Kg2 Ra1 60. Bf1 Rxf1 61. Kxf1 h1=Q+ 62. Ke2 Qxe4+ 63. Kd2 Bb4+ 64. Kc1 Qe3+ 65. Kc2 Qc3+ 66. Kd1 Qd2# 0-1

[Event "Early-Titled-Tuesday-Blitz-March-12-2024"]
[Site "Chess.com"]
[Date "2024.03.12"]
[Round "5"]
[White "KhazhatulyAlikhan"]
[Black "jaskol95"]
[Result "0-1"]
[WhiteElo "2448"]
[BlackElo "2563"]
[TimeControl "180+1"]
[EndTime "8:56:36 PDT"]
[Termination "jaskol95 won by resignation"]

1. e4 e6 2. d4 d5 3. Nd2 Nf6 4. e5 Nfd7 5. Bd3 c5 6. c3 Nc6 7.
Ne2 cxd4 8. cxd4 f6 9. exf6 Nxf6 10. O-O Bd6 11. Nf3 Qc7 12. Be3 O-O 13. Rc1 Bd7 14. Qd2 Ne4 15. Qc2 Nf6 16. Ng3 Qd8 17. Bg5 Nb4 18.
Bxf6 Rxf6 19. Bxh7+ Kh8 20. Qb1 Rh6 21. Bd3 Nxd3 22. Qxd3 Qa5 23. Qb1 Bc6 24. Rfe1 Rf8 25. Ng5 Qd2 26. Nf3 Rxf3 27. gxf3 Qxd4 28. Kg2 Qh4 29.
Rh1 Qh3+ 30. Kg1 d4 31. Qd3 e5 32. a3 Rf6 33. Ne4 Rxf3 34. Qe2 Qg4+ 35. Kf1 Bxe4 36. Rg1 Qh3+ 37. Ke1 d3 38. Qxe4 Qf5 39. Qxf5 Rxf5 40. Rg3 e4 41. Rh3+ Kg8 42. Rc8+ Kf7 43. Rd8 Ke7 44. Rg8 Be5 45. Re3 Rf4 46. f3 Bxb2 47. Rxe4+ Rxe4+ 48. fxe4 Bc3+ 49. Kd1 Kd6 50. Rf8 Ke5 51. Re8+ Kd4 52. Re7 b5 53. h4 a5 54.
Rxg7 b4 55. axb4 axb4 56. Re7 b3 57. h5 b2 58. Rb7 Kc4 59. h6 Bb4 60. Rc7+ Kb3 61. Rc1 bxc1=Q+ 62. Kxc1 Bc3 63. h7 Kc4 64. e5 Bxe5 65. Kd2 Kd4 66. Kd1 Ke3 67. Ke1 Bh8 68. Kd1 d2 0-1

[Event "Early-Titled-Tuesday-Blitz-March-12-2024"]
[Site "Chess.com"]
[Date "2024.03.12"]
[Round "5"]
[White "WilsonPalencia21"]
[Black "JSPrepz"]
[Result "1/2-1/2"]
[WhiteElo "2571"]
[BlackElo "2840"]
[TimeControl "180+1"]
[EndTime "8:56:43 PDT"]
[Termination "Game drawn - insufficient material"]

1. d4 Nf6 2. Nf3 c5 3. d5 b5 4.
a4 b4 5. c4 g6 6. Qc2 Bg7 7.
e4 O-O 8. e5 Ng4 9. Bf4 d6 10.
exd6 exd6 11. Be2 Bf5 12. Qd2 Re8 13. O-O Nf6 14. Re1 Ne4 15. Qc1 Nd7 16. h3 Qf6 17. g4 Qxb2 18. Qxb2 Bxb2 19. Ra2 Bc3 20. gxf5 Bxe1 21.
Nxe1 Nc3 22. Nxc3 bxc3 23. Bxd6 Ne5 24. fxg6 Nxc4 25. Bxc4 Rxe1+ 26. Kg2 hxg6 27. Rc2 Ra1 28. Bb5 Rd8 29. Bxc5 Rxd5 30. Rxc3 a6 31. Bc6 Rg5+ 32. Kf3 Rf5+ 33. Ke3 Re1+ 34. Kd2 Ra1 35. Bb6 Ra2+ 36. Kd3 Rh5 37. Kc4 Rb2 38. a5 Rh4+ 39. Kd5 Rd2+ 40.
Ke5 Re2+ 41. Kd6 Re6+ 42. Kc7 Re7+ 43. Kb8 Kg7 44. Bb7 Rh8+ 45. Ka7 g5 46. Rc6 f6 47.
Bd4 Rf7 48. Rc3 Kg6 49. Kxa6 Rb8 50. Be4+ f5 51. Rc6+ Kh5 52. Bf3+ g4 53. hxg4+ fxg4 54. Bd5 Rd7 55. Rc5 Kh4 56. Be5 Rbd8 57. Bg3+ Kh3 58. Bc6 Rh7 59. Kb6 Rh6 60. a6 Rd1 61. a7 Rb1+ 62. Rb5 Ra1 63. Kb7 Rh7+ 64. Bc7 Rxa7+ 65. Kxa7 Rxc7+ 66. Kb6 Rf7 67. Bd5 Rxf2 68. Be6 Rf4 69. Rh5+ Kg3 70. Rg5 Kf3 71. Bxg4+ Rxg4 72. Rxg4 Kxg4 1/2-1/2

[Event "Early-Titled-Tuesday-Blitz-March-12-2024"]
[Site "Chess.com"]
[Date "2024.03.12"]
[Round "5"]
[White "GMSrinath"]
[Black "mitrabhaa"]
[Result "1/2-1/2"]
[WhiteElo "2798"]
[BlackElo "2941"]
[TimeControl "180+1"]
[EndTime "8:56:44 PDT"]
[Termination "Game drawn by repetition"]

1. e4 c6 2. d4 d5 3. e5 Bf5 4. Nf3 e6 5. Be2 Ne7 6. O-O Ng6 7. c3 Nd7 8. Ne1 h5 9. Bd3 Ne7 10. Nc2 c5 11. Bg5 Bxd3 12. Qxd3 Qb6 13. b3 Nf5 14.
Nd2 Rc8 15. Nf3 Be7 16. Bxe7 Nxe7 17. Ne3 Nb8 18. c4 cxd4 19. Nxd4 Nbc6 20. Nxc6 bxc6 21. Kh1 h4 22. h3 Rd8 23. cxd5 cxd5 24. f4 g6 25. Rad1 Kf8 26. Kh2 Kg7 27. Rc1 Rc8 28.
Qd2 Rxc1 29. Rxc1 Rc8 30. Rxc8 Nxc8 31. f5 gxf5 32. Nc2 Ne7 33. Nd4 Ng6 34. Nf3 f4 35. b4 Qe3 36. Qb2 Ne7 37. b5 Nf5 38. a4 Qb6 39.
Qd2 Ne3 40. Qb4 Nf1+ 41. Kh1 Qe3 42. Qe7 Ng3+ 43. Kh2 Ne4 44. Qxh4 d4 45. Qg4+ Kf8 46.
Qh4 d3 47. Qh8+ Ke7 48. Qc8 d2 49. Qc7+ Kf8 50. Qd8+ Kg7 51. a5 Qf2 52. Nxd2 Qg3+ 53.
Kg1 Qe1+ 54. Nf1 Qf2+ 55. Kh2 Qxf1 56. Qh4 Kf8 57. Qd8+ Kg7 58. Qh4 Nf2 59. Qg5+ Kf8 60. Qd8+ Kg7 61. Qg5+ Kf8 62. Qd8+ Kg7 63. Qg5+ 1/2-1/2

[Event "Early-Titled-Tuesday-Blitz-March-12-2024"]
[Site "Chess.com"]
[Date "2024.03.12"]
[Round "5"]
[White "jraosam"]
[Black "LuisFSiles"]
[Result "1/2-1/2"]
[WhiteElo "1981"]
[BlackElo "2299"]
[TimeControl "180+1"]
[EndTime "8:56:47 PDT"]
[Termination "Game drawn - insufficient material"]

1. Nf3 Nf6 2. c4 g6 3. b3 Bg7 4. Bb2 O-O 5. e3 d6 6. Be2 e5 7.
d3 Nc6 8. O-O a5 9. a3 Nd7 10.
Qc2 f5 11. Nbd2 g5 12. Rfd1 g4 13. Ne1 Qh4 14. g3 Qg5 15. Bc3 h5 16. Bf1 h4 17.
b4 Rf6 18. Bg2 Rh6 19. Nf1 Nf6 20. Bd2 hxg3 21. hxg3 Qh5 22. Rdb1 Bd7 23. bxa5 Rf8 24. Rxb7 e4 25. d4 Nh7 26. Bc3 Ng5 27. Nd2 Nf3+ 28. Kf1 Bxd4 29. Bxd4 Ncxd4 30. exd4 Qh1+ 31. Bxh1 Rxh1+ 32. Ke2 Nxd4+ 33. Kd1 Rxe1+ 34. Kxe1 Nxc2+ 35. Kd1 Nxa1 36. Rxc7 Ba4+ 37. Kc1 Nb3+ 38. Nxb3 Bxb3 39. a6 Ra8 40. a7 Ba4 41. Kb2 Kf8 42. Rh7 Be8 43. Rb7 Bc6 44. Rc7 Be8 45. Kc3 Bf7 46. Rb7 Kg7 47. Kb4 Kf6 48. Ka5 Bxc4 49. Kb6 Bd5 50. Rd7 Ke5 51.
Re7+ Kd4 52. Rd7 Ke5 53. Re7+ Be6 54. Rb7 d5 55. Rb8 Rxa7 56. Kxa7 d4 57. Rb5+ Kd6 58. Rb6+ Kd5 59. a4 d3 60. a5 d2 61. Rb1 e3 62.
fxe3 Ke4 63. a6 Bc4 64. Kb6 Bxa6 65. Kxa6 Kxe3 66. Kb5 f4 67. gxf4 Kxf4 68. Kc4 Ke3 69. Rg1 g3 70. Rxg3+ Kf2 71. Rd3 Ke2 72. Rxd2+ Kxd2 1/2-1/2

[Event "Early-Titled-Tuesday-Blitz-March-12-2024"]
[Site "Chess.com"]
[Date "2024.03.12"]
[Round "5"]
[White "Msb2"]
[Black "Peng_Li-Min"]
[Result "1-0"]
[WhiteElo "3007"]
[BlackElo "2806"]
[TimeControl "180+1"]
[EndTime "8:56:54 PDT"]
[Termination "Msb2 won by checkmate"]

1. d4 Nf6 2. c4 e6 3. Nc3 Bb4 4. e3 O-O 5. Bd2 d5 6. Nf3 b6 7. cxd5 exd5 8. Rc1 Bd6 9. Nb5 c5 10. dxc5 bxc5 11. Bc3 d4 12. Nfxd4 cxd4 13. Qxd4 Bc7 14. Qxd8 Bxd8 15. Bb4 Na6 16. Bxf8 Kxf8 17. Nd6 Ba5+ 18. Ke2 Be6 19. a3 Rb8 20. b4 Nxb4 21. axb4 Bxb4 22.
Nc4 Rc8 23. Kd1 Ne4 24. Rc2 Nc3+ 25. Kd2 Bxc4 26. Bxc4 Rxc4 27. Kd3 Rc6 28. Rhc1 Rd6+ 29. Kc4 a5 30. Kb3 Rb6 31. Ra1 Nd5 32. Rc8+ Ke7 33. Kc4 Nf6 34. Rc7+ Nd7 35. Ra7 g6 36. Rd1 Bd6 37.
f4 Rb4+ 38. Kc3 Rb6 39. e4 f6 40. Kc2 Rc6+ 41. Kb3 Rc7 42. Rxc7 Bxc7 43. g3 Nc5+ 44. Kc4 Nxe4 45. Re1 f5 46. Kd5 Kf6 47. Rc1 Bd8 48. Rc8 Be7 49. Rc6+ Kf7 50. Ra6 Bb4 51. Ra7+ Kf6 52.
Ra6+ Kg7 53. Ra7+ Kh6 54. Ke6 Nc3 55. Kf7 g5 56. Kf6 Nd5+ 57. Kxf5 gxf4 58. gxf4 Ne3+ 59. Ke6 Ng4 60. f5 Bc3 61. h3 Nf2 62. f6 Nxh3 63. f7 Ng5+ 64. Ke7 Bb4+ 65. Ke8 Nxf7 66. Kxf7 Kg5 67.
Ke6 h5 68. Ke5 Kg4 69. Ke4 Kg5 70. Rg7+ Kf6 71. Rh7 Kg6 72. Rb7 Kg5 73. Kf3 Kg6 74. Rb5 Kh6 75. Kf4 Kg6 76. Rb6+ Kf7 77. Kf5 Ke7 78.
Rh6 Kd7 79. Ke4 Be7 80. Rxh5 a4 81. Ra5 a3 82. Kd5 Bb4 83. Ra4 Be7 84. Ra7+ Kd8 85.
Kc6 Bb4 86. Ra4 Be7 87. Ra8# 1-0

[Event "Early-Titled-Tuesday-Blitz-March-12-2024"]
[Site "Chess.com"]
[Date "2024.03.12"]
[Round "5"]
[White "Matibar"]
[Black "Polish_fighter3000"]
[Result "0-1"]
[WhiteElo "2764"]
[BlackElo "3117"]
[TimeControl "180+1"]
[EndTime "8:57:01 PDT"]
[Termination "Polish_fighter3000 won by resignation"]

1. e4 Nf6 2. e5 Nd5 3. d4 d6 4. Nf3 dxe5 5. Nxe5 c6 6. Bd3 Nd7 7. Nxd7 Bxd7 8. c3 Qc8 9. O-O Bf5 10. Re1 Bxd3 11. Qxd3 e6 12. Nd2 Be7 13. Ne4 O-O 14.
Qg3 Qc7 15. Qxc7 Nxc7 16. Bf4 Nd5 17. Bd6 Rfe8 18. a4 a5 19. g3 Rad8 20. Bxe7 Rxe7 21. Kg2 f6 22. Nc5 Kf7 23. Re2 b6 24. Nd3 e5 25.
dxe5 Nxc3 26. bxc3 Rxd3 27. Rb1 Rxe5 28. Rxe5 fxe5 29. Rxb6 Rxc3 30. Ra6 Rc5 31. Kf3 Kf6 32. Ke4 g5 33. f3 h5 34. Kd3 g4 35. fxg4 hxg4 36. Ra8 Rd5+ 37. Ke3 Kf5 38. Rf8+ Ke6 39. Ra8 Kd6 40. Ra7 Rc5 41. Kd3 Kd5 42. Ra8 e4+ 43. Ke3 Rc3+ 44. Kf4 e3 45. Rd8+ Kc4 46. Kxg4 e2 47. Re8 Kd3 48. Kf3 Rc5 49. Re3+ Kc4 50. Rxe2 Kb3 51. Re4 Rf5+ 52. Kg4 Rf1 53. h4 c5 54. h5 c4 55. Kg5 c3 56. Re3 Kb4 57. Re2 Rh1 58. Kh6 Kxa4 59. g4 Kb3 60. g5 a4 61. g6 c2 62. Re3+ Kb2 63. Re2 a3 64.
g7 Rg1 65. Kh7 a2 66. g8=Q Rxg8 67. Kxg8 a1=Q 68. Rxc2+ Kxc2 69. h6 Qa8+ 70. Kg7 Qb7+ 71. Kg8 Qc8+ 72. Kg7 Qd7+ 73. Kg8 Qe6+ 74. Kg7 Qe7+ 75.
Kg8 Qg5+ 76. Kh7 Kd3 0-1

[Event "Early-Titled-Tuesday-Blitz-March-12-2024"]
[Site "Chess.com"]
[Date "2024.03.12"]
[Round "5"]
[White "PabloZarnicki"]
[Black "Vladimir_Zakhartsov"]
[Result "1/2-1/2"]
[WhiteElo "2604"]
[BlackElo "2854"]
[TimeControl "180+1"]
[EndTime "8:57:10 PDT"]
[Termination "Game drawn by stalemate"]

1. e4 e6 2. d4 d5 3. exd5 exd5 4. Nf3 Nc6 5. Bb5 Bd6 6. c4 dxc4 7. d5 a6 8. Ba4 b5 9. dxc6 bxa4 10. O-O Ne7 11. Qxa4 Be6 12. Ng5 Bd5 13. Nc3 Bxc6 14. Qxc4 O-O 15.
Bf4 h6 16. Bxd6 Qxd6 17. Nge4 Qg6 18. f3 Nf5 19. Qc5 Rad8 20. Rad1 Nh4 21. Ng3 Qc2 22.
Qf2 Qg6 23. Nge4 Nf5 24. Ng3 Nd6 25. Rd4 f5 26. Rfd1 Kh7 27. Nge2 Qf6 28. Nf4 Rde8 29.
Ncd5 Bxd5 30. Nxd5 Qf7 31. Nxc7 Qxc7 32. Rxd6 Re7 33. h3 Rfe8 34. Qg3 Qc2 35. Qg6+ Kg8 36.
Rd8 Qc5+ 37. Kh1 Qb5 38. Rxe8+ Rxe8 39. f4 Rf8 40. Rd6 Qxb2 41. Re6 Qc1+ 42. Kh2 Qxf4+ 43. Qg3 Qc4 44. Qg6 Qc7+ 45. Qg3 Qf7 46. Rxa6 f4 47. Qf3 Qf5 48. Rd6 Kh7 49. Qd3 Qxd3 50. Rxd3 Ra8 51. a3 Ra6 52. h4 Kg6 53. Kh3 Kf5 54. h5 Kg5 55. Rd5+ Kf6 56. Rd3 Ke5 57. Kg4 Ke4 58.
Rd7 g6 59. Re7+ Kd5 60. Kxf4 gxh5 61. Re5+ Kd4 62. Rxh5 Rf6+ 63. Kg3 Ra6 64. a4 Ke4 65. Rh4+ Kf5 66. Rb4 Kg6 67. Kf3 Ra5 68. g4 h5 69. Rb6+ Kf7 70. gxh5 Rxh5 71. Rb4 Ke7 72. Rd4 Ke6 73. Ke3 Rd5 74. Re4+ Kd6 75. Rc4 Rc5 76. Rb4 Kc6 77. Kd4 Rh5 78. Kc4 Rh4+ 79. Kb3 Rxb4+ 80. Kxb4 Kb7 81. a5 Ka8 82. Kb5 Kb8 83.
Kb6 Ka8 84. a6 Kb8 85. a7+ Ka8 86. Ka6 1/2-1/2

[Event "Early-Titled-Tuesday-Blitz-March-12-2024"]
[Site "Chess.com"]
[Date "2024.03.12"]
[Round "5"]
[White "Danny_Billiards"]
[Black "platy3"]
[Result "1/2-1/2"]
[WhiteElo "2800"]
[BlackElo "2943"]
[TimeControl "180+1"]
[EndTime "8:57:58 PDT"]
[Termination "Game drawn - insufficient material"]

1. d4 Nf6 2. Nc3 d5 3. Bf4 c5 4. e3 cxd4 5. exd4 a6 6. Nf3 Nc6 7. Ne5 Bd7 8. Ne2 g6 9. Nxd7 Qxd7 10. c3 Bg7 11. Nc1 O-O 12. Be2 e6 13. O-O Ne4 14.
Nd3 Rfc8 15. Bf3 Nd6 16. Qe2 b6 17. h4 h6 18. Bg4 Nf5 19. h5 g5 20. Bd2 Nce7 21.
Ne5 Qb5 22. Qxb5 axb5 23. a3 Nd6 24. f4 Ne4 25. Bc1 f5 26. Be2 Bxe5 27. dxe5 Ng3 28. Re1 Nxe2+ 29. Rxe2 gxf4 30. Bxf4 Kh7 31. Be3 Rab8 32.
Rf1 Rg8 33. Rf4 Nc6 34. Bf2 Rg5 35. a4 bxa4 36. Rxa4 Rxh5 37. Ra6 f4 38. Bxb6 Rc8 39. Bd4 Kg6 40. Bc5 Kf5 41. Bd6 d4 42. Rd2 dxc3 43. bxc3 Rg5 44. Kf2 Rcg8 45. Kf1 Rc8 46. Re2 h5 47.
Ra4 Rg3 48. Rf2 Rg4 49. g3 Rxg3 50. Raxf4+ Kg5 51. Rf6 Rxc3 52. Rg2+ Kh4 53. Kg1 Rg3 54. Rxe6 Nd4 55. Rxg3 Kxg3 56. Rg6+ Kf3 57. e6 Re8 58. e7 Nf5 59. Rf6 Kg4 60. Ba3 Kg5 61. Rf8 Rxe7 62.
Bxe7+ Nxe7 63. Kh2 Ng6 64. Rg8 Kf5 65. Kh3 Kg5 66. Kg3 Kf5 67. Ra8 h4+ 68. Kh3 Kg5 69.
Ra5+ Kf6 70. Kg4 Ne5+ 71. Kxh4 Nf3+ 72. Kg3 Nd4 73. Kf4 Ne6+ 74. Ke4 Ng5+ 75. Kd5 Kf5 76. Ra1 Ne6 77. Rf1+ Nf4+ 78. Kd4 Kg5 79. Ke4 Ng6 80.
Rg1+ Kf6 81. Rg4 Ne7 82. Rf4+ Ke6 83. Rh4 Nf5 84. Rg4 Nd6+ 85. Kf4 Kd5 86. Rg5+ Kd4 87. Rg8 Nc4 88. Rd8+ Kc5 89. Ke4 Nd6+ 90. Kd3 Nb5 91. Rc8+ Kd5 92. Rh8 Nd6 93. Rh5+ Kc6 94. Kd4 Nb5+ 95.
Ke5 Kc5 96. Rh1 Nc3 97. Rc1 Kc4 98. Rh1 Kd3 99. Rh3+ Kc4 100. Rg3 Kb4 101. Kd4 Ne2+ 102. Kd3 Nxg3 1/2-1/2

[Event "Early-Titled-Tuesday-Blitz-March-12-2024"]
[Site "Chess.com"]
[Date "2024.03.12"]
[Round "5"]
[White "yosephtaher"]
[Black "DenLaz"]
[Result "1-0"]
[WhiteElo "2944"]
[BlackElo "3037"]
[TimeControl "180+1"]
[EndTime "8:58:15 PDT"]
[Termination "yosephtaher won by resignation"]

1. e4 c5 2. Nc3 e6 3. f4 d5 4. Nf3 dxe4 5. Nxe4 Be7 6. g3 Nf6 7.
Qe2 O-O 8. Bg2 Nc6 9. c3 Bd7 10. d3 Rc8 11. O-O b6 12. Rd1 Qc7 13. Be3 Rfd8 14.
Kh1 Be8 15. Bg1 h6 16. Rd2 Nxe4 17. dxe4 Rxd2 18. Nxd2 Rd8 19. Rd1 Qd7 20. Bf3 Na5 21.
Nb1 Qc7 22. Rxd8 Qxd8 23. Kg2 Bc6 24. Nd2 Qd7 25. e5 Bxf3+ 26. Nxf3 Qd5 27. b3 c4 28. b4 Nc6 29. Qd2 Qxd2+ 30. Nxd2 b5 31. a3 Kf8 32.
Kf3 Ke8 33. Ne4 f5 34. Nc5 Bxc5 35. Bxc5 a6 36. h4 Kf7 37. Bd6 Kg6 38. Bc5 Kh5 39.
Bd6 g5 40. hxg5 hxg5 41. Bc5 gxf4 42. gxf4 Kh4 43. Bf2+ Kh3 44. Bc5 Nb8 45. Ba7 Nd7 46. Bc5 Nb8 47. Ba7 Nc6 48. Bc5 Nd8 49. Be7 Nf7 50.
Bg5 Kh2 51. Kf2 Nh8 52. Bh4 Ng6 53. Bg5 Kh3 54. Kf3 Nh4+ 55. Ke3 Ng2+ 56. Kd4 Kg4 57. Kc5 Ne3 58. Kd6 Nd5 59. Kxe6 Nxc3 60. Kd7 Ne4 61. e6 c3 62. e7 c2 63. e8=Q c1=Q 64. Qg8 Qc4 65. Qg7 Qd5+ 66. Kc7 Kf3 67. Kb6 Qd6+ 68. Kb7 Qe6 69. Bd8 Nd6+ 70. Ka7 Qc8 71. Bb6 Nc4 72.
Bc5 Qc6 73. Qd4 Kg4 74. a4 Kf3 75. a5 Kg4 76. Qg7+ Kxf4 77. Qd4+ Kf3 78. Qd3+ Kg4 79. Qd4+ f4 80. Qg7+ Kf3 81. Qd4 Ne3 82. Bb6 Nd5 83. Qd3+ Kg4 84. Qd4 Kf5 85. Qd3+ Kg4 86. Qd4 Kf5 87.
Qd3+ Kg5 88. Qd4 f3 89. Qg1+ Kf4 90. Qd4+ Kf5 91. Qd3+ Kg4 92. Qd4+ Nf4 93. Qg1+ Kf5 94. Kxa6 Nd5 95. Qc5 Qa8+ 96. Kxb5 Kg4 97. a6 Qe8+ 98.
Ka5 Nf6 99. a7 Ne4 100. Qd4 Kf4 101. Qd5 f2 102. Bxf2 Nxf2 103. a8=Q 1-0

[Event "Early-Titled-Tuesday-Blitz-March-12-2024"]
[Site "Chess.com"]
[Date "2024.03.12"]
[Round "6"]
[White "killer_dreams"]
[Black "waltereador"]
[Result "1-0"]
[WhiteElo "2505"]
[BlackElo "2317"]
[TimeControl "180+1"]
[EndTime "8:59:50 PDT"]
[Termination "killer_dreams won by resignation"]

1. e4 e5 2. Nf3 Nf6 3. Nc3 Nc6 4. d4 exd4 5. Nxd4 Nxe4 6. Nxe4 Qe7 7. Bd3 Nxd4 8. O-O Ne6 9. Re1 d5 10. Bg5 Qd6 11.
Nxd6+ Bxd6 1-0